 Dungeon Crawl Stone Soup version 0.29.1-1-gd02db6906a (webtiles) character file.

Game seed: 6471645124987677

40 smilodon the Shield-Bearer (level 3, -2/36 HPs)
             Began as a Troll Fighter on Sept 19, 2022.
             Killed from afar by Sigmund (9 damage)
             ... with a puff of flame
             ... on level 2 of the Dungeon.
             The game lasted 00:00:32 (181 turns).

smilodon the Shield-Bearer (Troll Fighter)           Turns: 181, Time: 00:00:33

Health: -2/36      AC:  4    Str: 24    XL:     3   Next: 30%
Magic:  2/2        EV:  9    Int:  4    God:
Gold:   4          SH:  0    Dex: 11    Spells: 2/2 levels left

rFire   . . .      SeeInvis .     - Unarmed
rCold   . . .      Faith    .   b - +0 kite shield
rNeg    . . .      Spirit   .   a - +0 robe
rPois   .          Reflect  .   (helmet restricted)
rElec   .          Harm     .   (no cloak)
rCorr   .          Rampage  .   (gloves unavailable)
Will    .....                   (boots unavailable)
Stlth   +.........              (no amulet)
HPRegen 0.92/turn               (no ring)
MPRegen 0.08/turn               (no ring)

@: confused
A: large, unfitting armour, claws 3, regeneration 1, shaggy fur 1, tough skin 1
a: no special abilities


You were on level 2 of the Dungeon.
You visited 1 branch of the dungeon, and saw 2 of its levels.

You collected 4 gold pieces.

Inventory:

Armour
 a - a +0 robe (worn)
 b - a +0 kite shield (worn)
Scrolls
 e - a scroll of amnesia {unknown}
Potions
 c - a potion of might
 d - a potion of berserk rage {unknown}
 f - a potion of lignification {unknown}


   Skills:
 + Level 2.8 Fighting
 + Level 2.7 Dodging
 + Level 3.0 Shields
 + Level 2.5 Unarmed Combat


You had 2 spell levels left.
You didn't know any spells.
Your spell library was empty.

Dungeon Overview and Level Annotations

Branches:
Dungeon (1/15)

Altars:

Annotations:
D:2 Sigmund


Innate Abilities, Weirdness & Mutations

You are too large for most types of armour.
You have claws for hands.
Your natural rate of healing is unusually fast.
You are covered in fur. (AC +1)
You have tough skin. (AC +1)


Message History

The endoplasm closely misses you.
You claw the endoplasm!
You kill the endoplasm!
A magic dart appears from out of thin air!
The magic dart hits you. Jessica casts a spell at you.
You feel yourself slow down. Something hits you.
You claw the frilled lizard!
You kill the frilled lizard!
Jessica gestures wildly.
You hear some strange, mumbled words.
Something tries to affect you, but you resist.
You scratch Jessica.
Jessica is heavily wounded.
Jessica hits you with a +0 dagger. You block something's attack.
Jessica hits you but does no damage.
You claw Jessica!
You kill Jessica!
Something hits you.
Your Shields skill increases to level 3!
You have reached level 3!
Your experience leads to an increase in your attributes!
Increase (S)trength, (I)ntelligence, or (D)exterity?
You feel agile. x2; You feel stronger. Something hits you but does no damage.
Something completely misses you. Something hits you. Something hits you!
You feel yourself speed up.
A puff of flame appears from out of thin air!
The puff of flame misses you. Something hits you.
You hear some strange, mumbled words.
You are confused.
Something hits you! Something hits you!
* * * LOW HITPOINT WARNING * * *
You hear some strange, mumbled words.
A puff of flame appears from out of thin air!
The puff of flame hits you!
You die...

...............##
.....$..........###
.......)..........###
................#....
...........#.......... ... .##
...........#.......... .. ..
....?....#.{.......... .. ..
.........##......#.#.. #.#.
.......†.....@.......# ##...
.........###........## #...#
.............##.....## #.#.#
..........[..........###.#.#
.........#.....#.......#.#.#
........#......###.##....#.###
..........###........#.......#
.....##.## ###..###.##...##..
..... #. ##.###......##..


There were no monsters in sight!

Vanquished Creatures
  Jessica (D:2)
  An adder (D:2)
  An endoplasm (D:2)
  2 ball pythons (D:2)
  A bat (D:2)
  A frilled lizard (D:2)
  2 rats (D:2)
9 creatures vanquished.

Notes
Turn   | Place    | Note
-------+----------+-------------------------------------------
     0 | D:1      | smilodon the Troll Fighter began the quest for the Orb.
     0 | D:1      | Reached XP level 1. HP: 22/22 MP: 0/0
    67 | D:1      | You fall into a shaft and drop 1 floor!
   100 | D:2      | Reached XP level 2. HP: 29/29 MP: 1/1
   154 | D:2      | Noticed Jessica
   159 | D:2      | Noticed Sigmund
   168 | D:2      | Killed Jessica
   169 | D:2      | Reached skill level 3 in Shields
   169 | D:2      | Reached XP level 3. HP: 22/36 MP: 2/2
   181 | D:2      | Killed from afar by Sigmund

Illustrated notes

Levels and vault maps discovered:
D:1:      onia_arrival_mini_maze, layout_loops_ring,
          hellmonk_ecumenical_altar_heavens_door
D:2:      layout_rooms, uniq_jessica, uniq_sigmund

Skill      XL: |  1  2 |
---------------+-------+-----
Shields        | 3 |  3.0
Fighting       | |  2.8
Dodging        | |  2.7
Unarmed Combat | |  2.5

Action                   || total
-------------------------++-------
Melee: Unarmed           ||    20
Armor: Robe              ||     6
Dodge: Dodged            ||     5
Block: Kite shield       ||     7
